 Dungeon Crawl Stone Soup version 0.26.0-7-g794d0892b4 (webtiles) character file.

Game seed: 14203326568905461851

45735 Gauvater the Thrower (level 14, -21/113 HPs)
             Began as a Formicid Fighter on Jan 11, 2021.
             Was the Champion of Zin.
             Demolished by a spatial maelstrom (22 damage)
             ... on level 3 of the Abyss.
             The game lasted 03:04:52 (26283 turns).

Gauvater the Thrower (Formicid Fighter)            Turns: 26283, Time: 03:05:01

Health: -21/113    AC: 10    Str: 28    XL:     14   Next: 72%
Magic:  0/21       EV: 18    Int: 14    God:    Zin [******]
Gold:   416        SH: 16    Dex: 20    Spells: 13/13 levels left

rFire    . . .     SeeInvis +   n - +5 glaive (holy)
rCold    + + .     Faith    .   c - +3 kite shield
rNeg     + . .     Spirit   +   Q - +1 ring mail "Ajajaez" {rC++}
rPois    ∞         Reflect  .   (helmet unavailable)
rElec    .         Harm     .   (no cloak)
rCorr    .         Rampage  .   L - +0 pair of gloves {archery}
Will     +....                  (no boots)
Stlth    +.........             r - amulet of guardian spirit
HPRegen  0.28/turn              M - +6 ring of dexterity
MPRegen  0.17/turn              j - ring of the Octopus King {rN+ AC+1 EV+1 Str+1 Int+1 Dex+1}

@: brilliant, vitalised, studying Throwing
A: permanent stasis, dig shafts and tunnels, four strong arms, antennae 3
a: Dig, Shaft Self, Renounce Religion, Recite, Vitalisation, Imprison,
Sanctuary, Donate Gold


You were on level 3 of the Abyss.
You worshipped Zin.
Zin was exalted by your worship.
You visited 3 branches of the dungeon, and saw 16 of its levels.
You visited the Abyss 1 time.
You also visited: Ossuary and Ice Cave.

You collected 1064 gold pieces.
You spent 542 gold pieces at shops.
You donated 106 gold pieces to Zin.

Inventory:

Hand Weapons
 a - a +1 rapier of freezing
 b - a +4 vorpal hunting sling
 m - a +9 dire flail
 n - a +5 glaive of holy wrath (weapon)
 p - the +0 war axe "Lifebane" {drain, Dex+4}
   (You found it in an ice cave)

   A truly terrible weapon, it drains the life of those it strikes.
   It affects your dexterity (+4).
   Zin disapproves of the use of such an item.
 w - a +0 shortbow
 E - a +3 vorpal war axe
 G - a +2 battleaxe of freezing
 H - a +1 arbalest of freezing
 O - a +3 longbow of freezing
 S - a +6 spear of venom
 T - a +2 glaive of freezing
 U - the +5 dagger "Spiderslayer" {flame, rC+++ Str+10 Dex-4}
   (You found it on level 3 of the Abyss)

   It has been specially enchanted to burn those struck by it, causing extra
   injury to most foes and up to half again as much damage against particularly
   susceptible opponents.
   It affects your strength (+10).
   It affects your dexterity (-4).
   It renders you almost immune to cold.
Missiles
 e - 3 curare-tipped darts
 h - 30 poisoned darts
 l - 110 bolts
 s - 255 stones
 y - 276 arrows
 z - 120 sling bullets
 A - a throwing net
 B - 6 boomerangs (quivered)
Armour
 c - a +3 kite shield (worn)
 o - a +0 pair of gloves
 K - a +1 chain mail of fire resistance
 L - a +0 pair of gloves of archery (worn)
 N - a +0 animal skin of cold resistance
 Q - the +1 ring mail "Ajajaez" (worn) {rC++}
   (You found it on level 10 of the Dungeon)

   It greatly protects you from cold.
Jewellery
 j - a ring of the Octopus King (right hand) {rN+ AC+1 EV+1 Str+1 Int+1 Dex+1}
   (You bought it in a shop on level 6 of the Dungeon)

   [ring of positive energy]

   It affects your AC (+1).
   It affects your evasion (+1).
   It affects your strength (+1).
   It affects your intelligence (+1).
   It affects your dexterity (+1).
   It protects you from negative energy.
 r - an amulet of guardian spirit (around neck)
 I - an uncursed ring of ice {unknown}
 M - a +6 ring of dexterity (left hand)
 R - an uncursed ring of ice {unknown}
Wands
 v - a wand of enslavement (27)
 F - a wand of iceblast (8)
 J - a wand of acid (4)
 P - a wand of flame (29)
Scrolls
 d - a scroll of vulnerability {unknown}
 f - 2 scrolls of remove curse
 k - 4 scrolls of fog
 x - 4 scrolls of amnesia
 D - 2 scrolls of teleportation
Potions
 q - a potion of curing
 u - a potion of magic
 C - 3 potions of flight
Books
 g - a manual of Throwing
Miscellaneous
 t - a tin of tremorstones (2/2)


   Skills:
 * Level 11.2 Fighting
 + Level 9.0(11.3) Axes
 * Level 11.1(12.3) Maces & Flails
 + Level 3.0 Bows
 * Level 11.6 Throwing
 + Level 8.2 Armour
 * Level 7.2 Dodging
 - Level 9.4 Shields
 * Level 9.9 Invocations


You had 13 spell levels left.
You didn't know any spells.
Your spell library contained the following spells:

 Spells                   Type           Power        Failure   Level
 Magic Dart               Conj           0%           36%         1
 Call Imp                 Summ           0%           52%         2
 Slow                     Hex            0%           52%         2
 Conjure Flame            Conj/Fire      0%           75%         3
 Mephitic Cloud           Conj/Pois/Air  0%           75%         3
 Blink                    Tloc           Unusable     N/A         2

Dungeon Overview and Level Annotations

Branches:
Dungeon (14/15)            Temple (1/1) D:4            Lair (1/6) D:11
 Vaults (0/5) D:13        Ossuary (visited)           IceCv (visited)
    Orc: D:9-12

Altars:
Ashenzari
Cheibriados
Dithmenos
Elyvilon
Fedhas
Gozag
Hepliaklqana
Kikubaaqudgha
Makhleb
Nemelex Xobeh
Okawaru
Qazlal
Ru
Sif Muna
Trog
Uskayaw
Vehumet
Wu Jian
Xom
Yredelemnul
Zin
The Shining One
Lugonu

Shops:
D:4 [   D:6 =   D:8 (   D:13 (

Portals:
Abyss: D:12
Trove: D:12 (give 18 potions of curing)

Annotations:
D:7 1 runed translucent door, Crazy Yiuf
D:10 exclusion: orange crystal statue
D:11 hydra in lair
D:12 1 runed translucent door, exclusions: downstairs and 2 more exclusions, Shukka's ghost, journeyman MiBe


Innate Abilities, Weirdness & Mutations

You cannot be hasted, slowed, berserked, paralysed or teleported.
You can dig through walls and to a lower floor.
Your four strong arms can wield two-handed weapons with a shield.
You have a pair of large antennae on your head. (SInv)


Message History

The spatial maelstrom misses you. The small abomination misses you.
The flying skull completely misses you.
It was a potion of brilliance.
You feel clever all of a sudden.
You block the spatial maelstrom's attack.
The spatial maelstrom hits you.
* * * LOW HITPOINT WARNING * * *
Space warps horribly around you!!
* * * LOW HITPOINT WARNING * * *
The ynoxinul gestures.
The flying skull misses you.
You block the small abomination's attack.
The small abomination closely misses you.
The ynoxinul gestures.
You block the small abomination's attack.
The small abomination hits you but does no damage.
The spatial maelstrom hits you.
* * * LOW HITPOINT WARNING * * *
Space warps horribly around you!!
You die...

# ###.#.§§. #
#.......##..
#.......... ..
##.........
...
#.........#...
#...≈...#...#
#..vX4.....#
##.5#5x5#.#.#
#.xuzv@...#
####3x5....#
#55.#####
..###.. ..#
#.# #.## #.# #
#.# ..


You could see a red very ugly thing, a spatial maelstrom, a spatial vortex, a
large abomination, a ynoxinul (corona), a chaos spawn, 3 small abominations, a
flying skull and 6 ufetubi.

Vanquished Creatures
  A frost giant (IceCv)
  Josephine (D:12)
  2 boulder beetles (D:13)
  4 vault guards (D:13)
  2 centaur warriors
  6 two-headed ogres
  2 hydras
  A death yak (IceCv)
  Sonja (D:13)
  An unseen horror (D:14)
  A necromancer (D:11)
  3 deep elf magi
  A black mamba (Lair:1)
  6 cane toads
  Psyche (D:8)
  Joseph (D:7)
  A cane toad (shapeshifter) (D:6)
  2 gargoyles
  6 rime drakes
  4 komodo dragons
  A queen bee (D:10)
  A hornet (D:7)
  13 polar bears (IceCv)
  4 trolls
  Prince Ribbit (D:5)
  7 slime creatures
  A shadow (D:13)
  36 yaks
  A vampire (D:14)
  A wyvern (D:10)
  Eustachio (D:5)
  6 wraiths
  A steam dragon (D:11)
  5 vampire mosquitoes
  A small abomination (Abyss:3)
  Menkaure (D:7)
  An acid dragon (D:7)
  A soldier ant (D:12)
  A water moccasin (Lair:1)
  6 orc warriors
  Purgy (D:3)
  3 ice beasts
  A black bear (D:7)
  3 sky beasts
  An eye of draining (D:14)
  4 phantoms
  20 wolves
  6 ogres
  9 centaurs
  A big kobold (D:11)
  15 bullfrogs
  A gnoll sergeant (D:6)
  A water moccasin zombie (D:10)
  A wyvern skeleton (D:13)
  7 scorpions
  9 killer bees (D:10)
  21 wights
  6 howler monkeys
  2 quasits
  2 bullfrog skeletons (D:12)
  4 bullfrog zombies
  6 hounds
  A jelly (D:6)
  3 centaur skeletons
  2 human zombies (Ossuary)
  8 orc priests
  15 orc wizards
  Jessica (D:2)
  Terence (D:2)
  3 iguanas
  8 worker ants
  3 polar bear simulacra (D:11)
  4 wolf simulacra (D:11)
  A big kobold zombie (Ossuary)
  2 hound skeletons
  5 mummies (Ossuary)
  A howler monkey zombie (D:10)
  2 worker ant zombies
  15 gnolls
  9 adders
  A shadow imp (D:6)
  3 white imps
  5 ufetubi
  3 oozes
  An adder skeleton (D:9)
  An adder zombie (D:7)
  7 worms
  3 dart slugs
  6 leopard geckos
  55 orcs
  3 ball pythons
  6 giant cockroaches
  13 goblins
  8 hobgoblins
  17 jackals
  5 quokkas
  11 bats
  7 frilled lizards
  2 gnoll zombies (Ossuary)
  A jackal skeleton (D:7)
  A jackal zombie (D:8)
  7 kobolds
  3 kobold zombies (Ossuary)
  4 rats
  4 river rat simulacra (D:11)
  2 lurking horrors (D:12)
524 creatures vanquished.

Vanquished Creatures (others)
  3 fungi
  25 plants
  2 starspawn tentacles (Abyss:3)
  2 withered plants (D:12)
32 creatures vanquished.

Grand Total: 556 creatures vanquished

Notes
Turn   | Place    | Note
-------+----------+-------------------------------------------
     0 | D:1      | Gauvater the Formicid Fighter began the quest for the Orb.
     0 | D:1      | Reached XP level 1. HP: 18/18 MP: 1/1
   163 | D:1      | Reached XP level 2. HP: 20/24 MP: 2/2
   324 | D:1      | Reached XP level 3. HP: 29/29 MP: 3/3
   935 | D:2      | Reached XP level 4. HP: 37/37 MP: 4/4
   987 | D:2      | Noticed Terence
   992 | D:2      | Killed Terence
  1224 | D:2      | Reached XP level 5. HP: 36/42 MP: 5/5
  1532 | D:2      | Noticed Jessica
  1539 | D:2      | Killed Jessica
  2039 | D:2      | Found an ornate altar of the Wu Jian Council.
  2045 | D:2      | Noticed a spectral centipede
  2045 | D:2      | Noticed a spectral black mamba
  2045 | D:2      | Noticed a spectral cane toad
  2242 | D:3      | Noticed Purgy
  2244 | D:3      | Reached skill level 1 in Throwing
  2735 | D:3      | Reached XP level 6. HP: 40/48 MP: 6/6
  2799 | D:3      | Found a hide-covered altar of Uskayaw.
  2799 | D:3      | Noticed a +0 dagger
  2799 | D:3      | Noticed a +0 hand axe
  3364 | D:3      | Killed Purgy
  3365 | D:3      | Reached skill level 5 in Shields
  3700 | D:3      | Found a sacrificial altar of Ru.
  3863 | D:3      | Found an ancient bone altar of Kikubaaqudgha.
  3907 | D:4      | Found a sand-covered staircase.
  3918 | Ossuary  | Entered an ossuary
  3955 | Ossuary  | Reached XP level 7. HP: 55/55 MP: 7/7
  4370 | D:4      | Reached skill level 5 in Axes
  4374 | D:4      | Found Ysuil's Antique Armour Boutique.
  4487 | D:4      | Found a staircase to the Ecumenical Temple.
  4493 | Temple   | Entered the Ecumenical Temple
  4512 | Temple   | Became a worshipper of Zin the Law-Giver
  4512 | Temple   | Reached * piety under Zin
  4806 | D:4      | Reached skill level 5 in Fighting
  4848 | D:4      | Found a burning altar of Makhleb.
  4989 | D:4      | Reached XP level 8. HP: 62/62 MP: 8/8
  5024 | D:4      | Found a snail-covered altar of Cheibriados.
  5085 | D:4      | Reached skill level 1 in Invocations
  5225 | D:5      | Entered Level 5 of the Dungeon
  5235 | D:5      | Reached skill level 1 in Maces & Flails
  5338 | D:5      | Reached skill level 5 in Armour
  5622 | D:5      | Noticed Eustachio
  5667 | D:5      | Killed Eustachio
  6093 | D:5      | Reached XP level 9. HP: 11/69 MP: 11/11
  6614 | D:5      | Found a sacrificial altar of Ru.
  6693 | D:5      | Noticed Prince Ribbit
  6701 | D:5      | Killed Prince Ribbit
  7280 | D:6      | Found Niwycaf's Jewellery Shop.
  7296 | D:6      | Reached ** piety under Zin
  7309 | D:6      | Reached skill level 1 in Bows
  8100 | D:6      | Found a radiant altar of Vehumet.
  8366 | D:7      | Reached skill level 1 in Dodging
  8379 | D:7      | Noticed Menkaure
  8408 | D:7      | Killed Menkaure
  8844 | D:7      | Noticed a jumping spider
  8853 | D:7      | Reached XP level 10. HP: 65/79 MP: 13/13
  8890 | D:7      | Noticed a cane toad
  8907 | D:6      | Killed a cane toad
  8908 | D:6      | Reached skill level 5 in Invocations
  9250 | D:7      | Noticed Joseph
  9269 | D:7      | Killed Joseph
  9429 | D:7      | Found a runed translucent door.
  9430 | D:7      | Noticed Crazy Yiuf
  9994 | D:7      | Reached *** piety under Zin
 10756 | D:8      | Noticed Psyche
 10766 | D:8      | Killed Psyche
 10909 | D:8      | Found Uhograasm's Antique Weapon Shoppe.
 11228 | D:9      | Noticed a two-headed ogre
 11255 | D:9      | Killed a two-headed ogre
 11256 | D:9      | Reached XP level 11. HP: 86/86 MP: 15/15
 11404 | D:9      | Noticed a two-headed ogre
 11428 | D:9      | Killed a two-headed ogre
 11441 | D:9      | Reached skill level 5 in Throwing
 11721 | D:9      | Reached **** piety under Zin
 11842 | D:9      | Noticed a two-headed ogre
 12009 | D:9      | Killed a two-headed ogre
 12344 | D:9      | Noticed a two-headed ogre
 12403 | D:9      | Killed a two-headed ogre
 14268 | D:10     | Entered Level 10 of the Dungeon
 14994 | D:10     | Got a jasper-encrusted ring mail
 15004 | D:10     | Identified the +1 ring mail "Ajajaez" {rC++} (You found it
                  | on level 10 of the Dungeon)
 15037 | D:10     | Noticed an orange crystal statue
 15763 | D:10     | Reached skill level 5 in Maces & Flails
 15763 | D:10     | Reached XP level 12. HP: 60/95 MP: 17/17
 16464 | D:11     | Found a staircase to the Lair.
 17247 | D:11     | Noticed a four-headed hydra
 17536 | Lair:1   | Entered Level 1 of the Lair of Beasts
 17568 | D:11     | Reached skill level 5 in Dodging
 19579 | Lair:1   | Noticed a four-headed hydra
 19592 | Lair:1   | Killed a four-headed hydra
 19691 | Lair:1   | Got an ivory long sword
 19691 | Lair:1   | Identified the +7 long sword of Esyex {drain, Str+6 Dex-5
                  | Stlth-} (You found it on level 1 of the Lair of Beasts)
 19847 | D:6      | Bought a ring of the Octopus King {rN+ AC+1 EV+1 Str+1
                  | Int+1 Dex+1} for 542 gold pieces
 19847 | D:6      | Found the ring of the Octopus King {rN+ AC+1 EV+1 Str+1
                  | Int+1 Dex+1}
 19962 | Lair:1   | Noticed an eight-headed hydra
 20318 | D:11     | Killed a four-headed hydra
 20650 | D:12     | Reached XP level 13. HP: 95/103 MP: 19/19
 20752 | D:12     | Noticed Josephine
 20765 | D:12     | Killed Josephine
 20766 | D:12     | Reached skill level 10 in Fighting
 21050 | D:12     | Noticed a centaur warrior
 21059 | D:12     | Killed a centaur warrior
 21158 | D:12     | Reached ***** piety under Zin
 21295 | D:12     | Found a portal to a secret trove of treasure.
 21510 | D:12     | Found a runed translucent door.
 21511 | D:12     | Noticed Shukka's ghost (journeyman MiBe)
 21696 | D:12     | Found a one-way gate to the infinite horrors of the Abyss.
 21718 | D:12     | Found a corrupted altar of Lugonu.
 22072 | D:13     | Noticed a centaur warrior
 22086 | D:13     | Killed a centaur warrior
 22310 | D:13     | Noticed a boulder beetle
 22338 | D:13     | Killed a boulder beetle
 22631 | D:13     | Noticed Sonja
 22639 | D:13     | Killed Sonja
 22640 | D:13     | Reached skill level 10 in Throwing
 23053 | D:13     | Found a gate to the Vaults.
 23053 | D:13     | Noticed a vault guard
 23053 | D:13     | Noticed a vault guard
 23053 | D:13     | Noticed a vault guard
 23053 | D:13     | Noticed a vault guard
 23064 | D:13     | Killed a vault guard
 23081 | D:13     | Killed a vault guard
 23102 | D:13     | Killed a vault guard
 23116 | D:13     | Killed a vault guard
 23464 | D:13     | Found Qadoteip's Weapon Boutique.
 23511 | D:13     | Noticed a boulder beetle
 23547 | D:13     | Killed a boulder beetle
 23979 | D:13     | Reached XP level 14. HP: 111/111 MP: 20/20
 24857 | D:14     | Reached ****** piety under Zin
 24981 | D:14     | Reached skill level 10 in Maces & Flails
 25080 | D:14     | Found a frozen archway.
 25101 | IceCv    | Entered an ice cave
 25296 | IceCv    | Got an ivory war axe
 25786 | IceCv    | Noticed a frost giant
 25828 | IceCv    | Killed a frost giant
 26137 | D:14     | Identified the cursed +0 war axe "Lifebane" {drain, Dex+4}
                  | (You found it in an ice cave)
 26176 | D:14     | Cast into level 3 of the Abyss (a wizard)
 26187 | Abyss:3  | Found a corrupted altar of Lugonu.
 26191 | Abyss:3  | Got a polished dagger
 26192 | Abyss:3  | Identified the +5 dagger "Spiderslayer" {flame, rC+++
                  | Str+10 Dex-4} (You found it on level 3 of the Abyss)
 26223 | Abyss:3  | Noticed a red very ugly thing
 26243 | Abyss:3  | Noticed a tentacled starspawn
 26282 | Abyss:3  | HP: 4/113 [spatial maelstrom (15)]
 26283 | Abyss:3  | HP: 1/113 [spatial maelstrom (3)]
 26283 | Abyss:3  | Demolished by a spatial maelstrom

Illustrated notes

Levels and vault maps discovered:
D:1:      eino_arrival_water_star, layout_basic, grunt_decor_resistance
D:2:      minmay_general_purpose_star, layout_loops_ring,
          pdpol_wu_jian_five_deadly_venoms, minmay_tromino_v4_c, uniq_terence,
          uniq_jessica
D:3:      minmay_angry_zag, layout_rooms, dancing_weapons_uskayaw,
          lemuel_coloured_pillars_altar, nicolae_ru_sacrificial_ziggurat,
          uniq_purgy
D:4:      layout_basic, makhleb_blood_cavern_becter, kennysheep_slug_shrine,
          minmay_temple_entry_fiery, nicolae_ossuary_entry_ruins, serial_shops,
          shop
D:5:      layout_loops_corners, kennysheep_mini_moat, uniq_eustachio,
          uniq_prince_ribbit1
D:6:      layout_basic, serial_shops, shop, vehumet_altar_wand_db
D:7:      layout_loops_ring, enter_bailey_7, minmay_manual_mail, uniq_menkaure,
          uniq_crazy_yiuf_cottage, uniq_joseph
D:8:      layout_cave_pools, serial_shops, shop, uniq_psyche
D:9:      layout_loops_corners, minmay_misc_feat_pillars,
          corexii_leaking_fountain, grunt_ogre_cave
D:10:     layout_rooms, minivault_16, nicolae_looking_at_the_future
D:11:     layout_irregular_city, lair_entry_dummy, dk_noncrumbling_3,
          eino_house_with_fridge
D:12:     layout_loops_ring, kennysheep_orc_monster_closet_entryway,
          gammafunk_ghost_grave, trove_entry_hex_spiral,
          amcnicky_altar_lugonu_corruption, uniq_josephine
D:13:     layout_stronghold, lightli_vaults_fourway_checkpoint, serial_shops,
          shop_statue, uniq_sonja
D:14:     layout_basic, portal_ice_cave_rime, chequers_jeans, eino_tiny_chamber
Temple:   lightli_temple_of_artemis
Lair:1:   cheibrodos_lair_river_kwai, layout_hall_layers, minmay_hedge_maze,
          chequers_serial_rivers_micro_d, grunt_megastairs_2
Abyss:3:  base: D:1, due_evilmike_abyss_rune_seething_liches,
          hangedman_abyss_exit_choices, hangedman_abyss_overflow_altar

Skill      XL: |  1  2  3  4  5  6  7  8  9 10 11 12 13 14 |
---------------+-------------------------------------------+-----
Shields        | 4 5 6 7 8 9 |  9.4
Axes           | 3 4 5 7 8 9 |  9.0
Fighting       | 4 5 7 8 9 10 11 | 11.2
Throwing       | 1 2 3 4 6 8 10 11 | 11.6
Armour         | 4 5 6 7 8 |  8.2
Invocations    | 3 4 6 7 8 9 |  9.9
Maces & Flails | 1 2 5 6 9 11 | 11.1
Bows           | 2 3 |  3.0
Dodging        | 1 3 4 5 6 7 |  7.2

Action                   |  1- 3 |  4- 6 |  7- 9 | 10-12 | 13-15 || total
-------------------------+-------+-------+-------+-------+-------++-------
Melee: War axe           |    91 |   208 |   333 |   215 |    62 ||   909
       Flail             |       |       |    24 |   328 |       ||   352
       Whip              |       |       |     4 |       |       ||     4
       Morningstar       |       |       |       |   115 |       ||   115
       Dire flail        |       |       |       |    42 |   486 ||   528
       Glaive            |       |       |       |       |     1 ||     1
 Fire: Shortbow          |       |       |    83 |    63 |       ||   146
       Longbow           |       |       |       |       |     2 ||     2
Throw: Dart              |       |    32 |    20 |    37 |       ||    89
       Boomerang         |       |    33 |    38 |    94 |    89 ||   254
       Throwing net      |       |       |       |     1 |       ||     1
Invok: Recite            |       |       |     3 |    10 |    13 ||    26
       Vitalisation      |       |       |     2 |     3 |     6 ||    11
 Abil: Dig               |       |     5 |       |     6 |     5 ||    16
Evoke: Wand              |       |       |       |     1 |       ||     1
  Use: Scroll            |       |     7 |     6 |    18 |     5 ||    36
       Potion            |       |     1 |     4 |     4 |     8 ||    17
 Stab: Confused          |       |       |       |       |     3 ||     3
Armor: Scale mail        |    41 |   127 |    11 |       |       ||   179
       Chain mail        |       |       |   182 |   186 |    68 ||   436
       Ring mail         |       |       |       |     4 |    40 ||    44
Dodge: Dodged            |    37 |   114 |   130 |   217 |   194 ||   692
Block: Kite shield       |    55 |   178 |   260 |   525 |   348 ||  1366
